 Dungeon Crawl Stone Soup version 0.26.0-20-g3ca415f5b8 (webtiles) character file.

Game seed: 1363255463729475019

844 Revguard the Chopper (level 7, 0/54 HPs)
             Began as a Demonspawn Berserker on Jan 25, 2021.
             Was a Priest of Trog.
             Slain by an ogre
             ... wielding a +0 giant spiked club
              (12 damage)
             ... on level 5 of the Dungeon.
             The game lasted 00:13:31 (5021 turns).

Revguard the Chopper (Demonspawn Berserker)         Turns: 5021, Time: 00:13:33

Health: 0/54       AC:  5    Str: 17    XL:     7   Next: 68%
Magic:  7/7        EV: 11    Int:  8    God:    Trog [***...]
Gold:   285        SH:  5    Dex: 15    Spells: 6/6 levels left

rFire    . . .     SeeInvis .   y - +0 battleaxe
rCold    . . .     Faith    .   (shield currently unavailable)
rNeg     . . .     Spirit   .   h - +0 scale mail
rPois    .         Reflect  +   (no helmet)
rElec    .         Harm     .   d - scarf {repulsion}
rCorr    .         Rampage  .   (no gloves)
Will     +....                  (no boots)
Stlth    ..........             r - amulet of reflection
HPRegen  0.18/turn              i - +4 ring of slaying
MPRegen  0.10/turn              t - ring of willpower

@: corroded, berserk cooldown, slowed, repel missiles, very slow
A: yellow scales 2, powered by pain 1
a: Renounce Religion, Berserk, Trog's Hand


You were on level 5 of the Dungeon.
You worshipped Trog.
Trog was most pleased with you.
You visited 1 branch of the dungeon, and saw 5 of its levels.

You collected 285 gold pieces.

Inventory:

Hand Weapons
 a - a +1 hand axe
 p - a +0 great mace
 y - a +0 battleaxe (weapon)
Armour
 d - a scarf of repulsion (worn)
 h - a +0 scale mail (worn)
 j - a +0 leather armour
Jewellery
 i - a +4 ring of slaying (left hand)
 m - an uncursed amulet of magic regeneration
 r - an amulet of reflection (around neck)
 t - a ring of willpower (right hand)
 v - an uncursed ring of wizardry
 x - an uncursed ring of fire
Wands
 f - a wand of flame (21)
 u - a wand of paralysis (6)
Scrolls
 e - 6 scrolls of enchant weapon
 l - 3 scrolls of teleportation
 s - a scroll of fog {unknown}
 w - 2 scrolls of remove curse
Potions
 b - 2 potions of flight {unknown}
 c - a potion of ambrosia
 g - a potion of degeneration {unknown}
 k - 3 potions of curing {unknown}
 o - a potion of brilliance {unknown}
 q - a potion of lignification {unknown}
 z - a potion of heal wounds {unknown}


   Skills:
 + Level 4.1 Fighting
 + Level 4.3(5.0) Axes
 + Level 3.8(4.8) Maces & Flails
 + Level 3.0 Armour
 + Level 3.1 Dodging
 + Level 1.4 Stealth
 + Level 0.5 Shields
 * Level 3.2 Evocations


You had 6 spell levels left.
You didn't know any spells.
Your spell library was empty.

Dungeon Overview and Level Annotations

Branches:
Dungeon (5/15)             Temple (0/1) D:5

Altars:
Ashenzari
Makhleb
Nemelex Xobeh
Wu Jian


Innate Abilities, Weirdness & Mutations

You are mostly covered in yellow scales. (AC +3)
You sometimes gain a little power by taking damage.


Message History

You hit the jelly.
Your hands burn!
You barely miss the ogre. The jelly hits you but does no damage.
The ogre barely misses you. The jelly hits you but does no damage.
The ogre hits you with a +0 giant spiked club!!
Your Dodging skill increases to level 3!
You hit the ogre.
The ogre is moderately wounded.
You slash the jelly!
Your hands burn!
You block the jelly's attack. The jelly misses you.
You block the ogre's attack. The jelly hits you. The acid corrodes you!
You are splashed with acid!
* * * LOW HITPOINT WARNING * * *
Okay, then.
Okay, then.
Evoke which item? (* to show all) (? for menu, Esc to quit)
Aiming: Paralyse
Press: ? - help, Shift-Dir - straight line, f - ogre
Aim: an ogre, wielding a +0 giant spiked club (moderately wounded, chance to affect: 55%)
The ogre resists with significant effort.
The ogre hits you with a +0 giant spiked club!
You die...

.........###........
..#...#...##.........
#.......#.............
....>.....#...........
.#.......#.............
..#...#...#...........
........)..............
....#.#.†J.............
.?.....O@†....†........
.....#....#.<.†........
####...####....†.......
...... #.........>..
#####. ...............
###...............
####............
#............
#...#........


You could see an ogre and a jelly.

Vanquished Creatures
  Duvessa (D:4)
  An ogre (D:4)
  Dowan (D:4)
  2 scorpions (D:5)
  3 howler monkeys (D:5)
  A jelly (D:5)
  An orc wizard (D:3)
  A centaur skeleton (D:4)
  Natasha (twice) (D:3)
  2 worker ants (D:4)
  A hound skeleton (D:4)
  8 adders
  A shadow imp (D:3)
  2 oozes
  An adder skeleton (D:3)
  3 worms
  3 dart slugs
  3 leopard geckos
  6 orcs
  8 bats
  4 giant cockroaches
  4 hobgoblins
  10 jackals
  6 kobolds
  A quokka (D:2)
  2 ball pythons
  12 frilled lizards
  8 goblins
  7 rats
105 creatures vanquished.

Notes
Turn   | Place    | Note
-------+----------+-------------------------------------------
     0 | D:1      | Revguard the Demonspawn Berserker began the quest for the
                  | Orb.
     0 | D:1      | Reached XP level 1. HP: 18/18 MP: 1/1
   254 | D:1      | Gained mutation: You sometimes gain a little power by
                  | taking damage. [demonic ancestry]
   254 | D:1      | Reached XP level 2. HP: 20/24 MP: 2/2
  1157 | D:2      | Reached XP level 3. HP: 29/29 MP: 3/3
  1171 | D:2      | Reached ** piety under Trog
  2181 | D:2      | Reached skill level 1 in Stealth
  2402 | D:3      | Gained mutation: You are partially covered in yellow
                  | scales. (AC +2) [demonic ancestry]
  2402 | D:3      | Reached XP level 4. HP: 27/35 MP: 4/4
  2668 | D:3      | Found a broken altar of Ashenzari.
  2668 | D:3      | Found a burning altar of Makhleb.
  2669 | D:3      | Found an ornate altar of the Wu Jian Council.
  3308 | D:3      | Found a sparkling altar of Nemelex Xobeh.
  3353 | D:3      | Reached *** piety under Trog
  3355 | D:3      | Noticed Natasha
  3367 | D:3      | Killed Natasha
  3368 | D:3      | Gained mutation: You are mostly covered in yellow scales.
                  | (AC +3) [demonic ancestry]
  3368 | D:3      | Reached XP level 5. HP: 41/41 MP: 5/5
  3380 | D:3      | Noticed Natasha
  3390 | D:3      | Killed Natasha
  3391 | D:3      | Reached skill level 1 in Evocations
  3523 | D:3      | Reached skill level 1 in Maces & Flails
  3953 | D:4      | Reached XP level 6. HP: 47/48 MP: 6/6
  4144 | D:4      | Noticed Duvessa
  4144 | D:4      | Noticed Dowan
  4163 | D:4      | Killed Duvessa
  4167 | D:4      | Killed Dowan
  4324 | D:4      | Reached XP level 7. HP: 53/53 MP: 7/7
  4981 | D:5      | Entered Level 5 of the Dungeon
  4981 | D:5      | Found a staircase to the Ecumenical Temple.
  5021 | D:5      | Slain by an ogre

Illustrated notes

Levels and vault maps discovered:
D:1:      amcnicky_arrival_feature_with_door, layout_basic, serial_corexii_hall,
          corexii_hall_statues_x, corexii_hall_statues_i,
          chequers_hall_statues_y, corexii_hall_statues_x, st_stairs_9
D:2:      layout_basic, st_stairs_11
D:3:      layout_loops_corners, nicolae_overflow_hidden_temple, st_stairs_5,
          nemelex_diamond_rough_becter, uniq_natasha
D:4:      layout_loops_corners, uniq_duvessa
D:5:      layout_rooms, minmay_temple_entry_sparse_star, serial_shops,
          shop_statue, glass_columns_a

Skill      XL: |  1  2  3  4  5  6  7 |
---------------+----------------------+-----
Axes           | 3 4 |  4.3
Dodging        | 2 3 |  3.1
Armour         | 2 3 |  3.0
Stealth        | 1 |  1.4
Evocations     | 1 2 3 |  3.2
Maces & Flails | 1 3 |  3.8
Fighting       | 4 |  4.1
Shields        | |  0.5

Action                   |  1- 3 |  4- 6 |  7- 9 || total
-------------------------+-------+-------+-------++-------
Melee: Hand axe          |   104 |    28 |       ||   132
       Great mace        |       |    97 |     5 ||   102
       Battleaxe         |       |       |    32 ||    32
Invok: Berserk           |     1 |     2 |     1 ||     4
       Trog's Hand       |       |       |     1 ||     1
Evoke: Wand              |       |       |     1 ||     1
  Use: Scroll            |     3 |     9 |     1 ||    13
 Stab: Sleeping          |     3 |     1 |       ||     4
Armor: Animal skin       |    10 |       |       ||    10
       Leather armour    |    15 |    43 |       ||    58
       Scale mail        |       |    12 |    20 ||    32
Dodge: Dodged            |    83 |    92 |    37 ||   212
       Repelled          |       |     4 |       ||     4
Block: Other             |       |    19 |    18 ||    37
       Reflection        |       |     2 |       ||     2
